 Dungeon Crawl Stone Soup version 0.17-a0-896-g249456b (webtiles) character file.

872318 namelastname112 the Cloud Mage (level 27, -10/239 HPs)
             Began as a Black Draconian Assassin on Apr 30, 2015.
             Was an Initiate of Gozag.
             Mangled by an acid blob (14 damage)
             ... summoned by a torturous corrupter
             ... in Pandemonium on May 1, 2015.
             The game lasted 06:21:23 (113951 turns).

namelastname112 the Cloud Mage (DrAs)             Turns: 113951, Time: 06:21:53

Health: -10/239    AC: 22    Str: 19    XL:     27
Magic:  56/56      EV:  2    Int:  8    God:    Gozag
Gold:   5302       SH:  0    Dex: 30    Spells: 12 memorised, 17 levels left

rFire  + + .     SeeInvis +     R - +10 sword of Jihad {holy, *Rage rN+ EV+3 Stlth-}
rCold  + + +     Clarity  +     (armour unavailable)
rNeg   + + +     SustAb   +     C - +4 shield {AC+3}
rPois  ∞         Gourm    .     k - -2 hat of the Alchemist {rElec rPois rF+ rC+ rN+ MR+ rMut rCorr}
rElec  +         Spirit   .     u - +1 ratskin cloak {rPois rN+ Int-1 Dex-1}
rCorr  +         Warding  .     o - +2 pair of gloves {Dex+3}
rMut   +         Stasis   .     T - +2 pair of boots {run}
MR     ++++.                    m - amulet of clarity
Stlth  ++++......               V - ring "Yma Zewk" {rC++ MP+9 EV+5 Dex+4}
                                B - ring "Nutuvayjuq" {SustAb rF+ Str+3 SInv}

@: petrified, flying, studying Shields, deflect missiles, quick, incredibly
resistant to hostile enchantments, stealthy
A: breathe lightning, unfitting armour, big wings, dopey 1, magic resistance 1,
screaming 1, electricity resistance, slow healing 2, cold-blooded, AC +13
a: Breathe Lightning, Stop Flying, Potion Petition, Call Merchant, Bribe Branch,
Renounce Religion
}: 6/15 runes: barnacled, slimy, silver, abyssal, demonic, gossamer


You were in Pandemonium.
You worshipped Gozag.
Gozag was noncommittal.
You were not hungry.

You visited 13 branches of the dungeon, and saw 63 of its levels.
You visited Pandemonium 2 times, and saw 12 of its levels.
You visited the Abyss 3 times.
You visited 1 bazaar.
You visited 3 ziggurats, and saw 24 of their levels (deepest: 9).
You also visited: Labyrinth, Trove and Sewer.

You collected 49124 gold pieces.
You spent 4201 gold pieces at shops.
You paid 39621 gold pieces to Gozag.

Inventory:

Hand weapons
 s - a +4 demon blade of electrocution
 R - the +10 sword of Jihad (weapon) {holy, *Rage rN+ EV+3 Stlth-}
   (You found it on level 4 of a ziggurat)

   It has been blessed by the Shining One to cause great damage to the undead
   and demons.
   It affects your evasion (+3).
   It protects you from negative energy.
   It may make you go berserk in combat.
   It makes you less stealthy.
 S - the +7 Singing Sword
   (You found it on level 3 of the Elven Halls)
Missiles
 d - 20 javelins (quivered)
Armour
 k - the -2 hat of the Alchemist (worn) {rElec rPois rF+ rC+ rN+ MR+ rMut rCorr}
   (You found it on level 2 of a ziggurat)

   It protects you from fire.
   It protects you from cold.
   It insulates you from electricity.
   It protects you from poison.
   It protects you from negative energy.
   It affects your resistance to hostile enchantments.
   It protects you from acid and corrosion.
   It protects you from mutation.
 o - a +2 pair of gloves of dexterity (worn)
 u - the +1 ratskin cloak (worn) {rPois rN+ Int-1 Dex-1}
   (You found it on level 6 of a ziggurat)

   It affects your intelligence (-1).
   It affects your dexterity (-1).
   It protects you from poison.
   It protects you from negative energy.
 C - a +4 shield of protection (worn)
 P - the +0 mask of the Dragon {MR+ Slay+3 SInv}
   (You bought it in a shop on level 15 of the Dungeon)

   It affects your accuracy and damage with ranged weapons and melee attacks
   (+3).
   It affects your resistance to hostile enchantments.
   It enhances your eyesight.
 T - a +2 pair of boots of running (worn)
Rods
 e - a +3 rod of destruction (13/13)
   (You found it on level 3 of the Crypt)
 D - a +8 rod of clouds (13/13)
   (You found it on level 3 of the Elven Halls)
 U - a +4 rod of shadows (11/11)
   (You found it in a labyrinth)
Jewellery
 b - an uncursed amulet of resist mutation
 m - an amulet of clarity (around neck)
 t - an uncursed amulet of regeneration
 B - the ring "Nutuvayjuq" (left hand) {SustAb rF+ Str+3 SInv}
   (You found it on level 3 of the Elven Halls)

   [ring of sustain abilities]

   It sustains your strength, intelligence and dexterity.
   It affects your strength (+3).
   It protects you from fire.
   It enhances your eyesight.
 V - the ring "Yma Zewk" (right hand) {rC++ MP+9 EV+5 Dex+4}
   (You took it off a vampire on level 3 of the Crypt)

   [ring of evasion]

   It affects your evasion (+5).
   It affects your dexterity (+4).
   It greatly protects you from cold.
   It affects your magic capacity (+9).
Magical devices
 w - a wand of heal wounds (9)
 x - a wand of teleportation (3)
 N - a wand of hasting (1)
 Z - a wand of invisibility (3)
Scrolls
 h - 23 scrolls of teleportation
 l - 36 scrolls of remove curse
 v - 3 scrolls of blinking
 E - 11 scrolls of recharging
 H - 26 scrolls of identify
 I - 11 scrolls of fear
 J - 6 scrolls of magic mapping
 W - 8 scrolls of fog
 X - a scroll of summoning
Potions
 a - 9 potions of brilliance
 c - 9 potions of haste
 g - 16 potions of might
 i - 17 potions of curing
 j - 7 potions of invisibility
 n - 10 potions of agility
 r - 9 potions of ambrosia
 z - 8 potions of magic
 A - a potion of cure mutation
 F - 3 potions of cancellation
 G - 3 potions of berserk rage
 K - 9 potions of resistance
 Q - 3 potions of heal wounds
Books
 q - a manual of Shields
Miscellaneous
 p - a sack of spiders {used: 1}
 y - a fan of gales
 M - a phial of floods
 O - a fan of gales
 Y - a lamp of fire
Comestibles
 f - 24 bread rations
 L - 52 fruits


   Skills:
 - Level 18.3 Fighting
   Level 13.0(16.2) Short Blades
 - Level 16.2(17.8) Long Blades
 - Level 12.1 Throwing
 - Level 16.9 Dodging
 - Level 12.4 Stealth
 + Level 24.7 Shields
 + Level 20.2 Spellcasting
 - Level 13.0 Charms
 - Level 14.0 Translocations
 + Level 25.6 Air Magic
 - Level 11.1 Evocations


You had 17 spell levels left.
You knew the following spells:

 Your Spells              Type           Power        Failure   Level  Hunger
a - Apportation           Tloc           ####......   0%          1    None
b - Repel Missiles        Chrm/Air       #####.       0%          2    None
c - Phase Shift           Tloc           ####......   1%          5    #####..
d - Regeneration          Chrm/Necr      ###.......   1%          3    None
e - Deflect Missiles      Chrm/Air       #####.....   1%          6    ######.
f - Silence               Hex/Air        ####......   1%          5    #####..
g - Summon Butterflies    Summ           #.......     6%          1    None
h - Ozocubu's Armour      Chrm/Ice       ###.....     1%          3    None
i - Haste                 Chrm           ####....     4%          6    ######.
j - Tornado               Air            #####.....   28%         9    #######
k - Blink                 Tloc           N/A          1%          2    None
l - Freezing Cloud        Conj/Ice/Air   ###.......   28%         6    ######.


Dungeon Overview and Level Annotations

Branches:
Dungeon (15/15)            Temple (1/1) D:7            Lair (8/8) D:11
 Shoals (4/4) Lair:5       Spider (4/4) Lair:6        Slime (6/6) Lair:7
    Orc (4/4) D:11            Elf (3/3) Orc:3        Vaults (5/5) D:13
  Crypt (3/3) Vaults:2       Tomb (0/3) Crypt:3      Depths (5/5) D:15
   Hell (1/1)                 Dis (0/7) Hell            Geh (0/7) Hell
    Coc (0/7) Hell            Tar (0/7) Hell            Zot (4/5) Depths:5

Altars:
Ashenzari
Cheibriados
Dithmenos
Elyvilon
Fedhas
Gozag
Kikubaaqudgha
Makhleb
Nemelex Xobeh
Okawaru
Qazlal
Ru
Sif Muna
Trog
Vehumet
Xom
Yredelemnul
Zin
The Shining One
Beogh
Jiyva

Shops:
D:4 *   D:9 (   D:10 [   D:12 *   D:14 %   D:15 [?   Orc:1 *   Orc:4 *([?
Elf:2 [?:[   Elf:3 !   Lair:1 =(([[*   Vaults:1 (%   Vaults:2 **   Vaults:4 [
Depths:1 [?   Depths:2 %   Depths:3 *(   Depths:4 %   Depths:5 (

Portals:
Hell: Depths:1 Depths:2 Depths:3 Depths:4 Depths:5
Abyss: Depths:4
Pandemonium: Depths:3


Innate Abilities, Weirdness & Mutations

You can breathe wild blasts of lightning.
Your glossy black scales are hard (AC +13).
Your body does not fit into most forms of armour.
Your large and strong wings let you fly indefinitely.
You are resistant to electric shocks.
You are cold-blooded and may be slowed by cold attacks.
You are dopey. (Int -2)
You are resistant to hostile enchantments.
You occasionally shout uncontrollably at your foes.
[You do not heal naturally when monsters are visible.]


Message History

The acid burns!
You resist.
* * * LOW HITPOINT WARNING * * *
The infernal corrupter hits you but does no damage.
The gelid demonspawn hits you from afar with a halberd!
* * * LOW HITPOINT WARNING * * *
The orange demon stings you from afar.
* * * LOW HITPOINT WARNING * * *
The large slime creature hits you.
* * * LOW HITPOINT WARNING * * *
The very large slime creature hits you!!!
* * * LOW HITPOINT WARNING * * *
The acid blob hits you.
* * * LOW HITPOINT WARNING * * *
You are splashed with acid!
The acid burns!
You resist.
* * * LOW HITPOINT WARNING * * *
The torturous corrupter hits you but does no damage.
The infernal corrupter is distracted by the nearby gold.
The acid blob hits you!!
You die...
Your body crumbles into a pile of gold.

#............# ####..
#...........)# #.....
#............###.#...
#....................
#............###.#...
#............# #.#...
#...4....##### #.####
#..J.##..# #####.# #
#.66@J...###....!####
#..JJ##............#.
#..66##........#'#...
#....##......#.#.##..
#....##........#.####
#....##.....#..#.#..#
#....###.......#..#.#
#....# #..######.#.##
#### #..'..........


You could see 2 acid blobs, 2 demonspawn, a very large slime creature, a large
slime creature, 2 demonspawn and an orange demon.

Vanquished Creatures
  the royal jelly (Slime:6)
  Dissolution (Slime:1)
  3 ancient liches
  Boris (Depths:4)
  Frederick (Crypt:2)
  Margery (Depths:3)
  Saint Roka (Crypt:2)
  5 Killer Klowns
  2 caustic shrikes
  Geryon (Hell)
  10 golden dragons
  9 pandemonium lords
  Nikola (Spider:1)
  the Enchantress (Depths:3)
  2 profane servitors
  4 bone dragons
  5 Ice Fiends (Pan)
  10 liches
  6 Brimstone Fiends (Pan)
  A hellephant (Abyss:1)
  Rupert (Spider:1)
  8 tentacled monstrosities
  2 Hell Sentinels
  3 titans (Vaults:5)
  Asterion (Vaults:1)
  11 Shadow Fiends (Pan)
  2 deep elf blademasters (Elf:3)
  A quicksilver dragon (Vaults:5)
  4 deep elf master archers (Elf:3)
  2 sphinxes
  25 acid blobs
  25 tentacled starspawn
  2 krakens
  Frances (Elf:2)
  8 Executioners
  Kirke (Spider:2)
  12 storm dragons
  5 ancient champions
  5 tengu reavers
  A fire giant (shapeshifter) (Vaults:5)
  Ilsuiw (Shoals:4)
  13 shadow dragons
  12 azure jellies
  4 revenants
  A frost giant (shapeshifter) (Zig:5)
  3 draconian monks
  10 fire giants
  3 chaos champions (Pan)
  Maud (Lair:3)
  11 draconian knights
  A draconian scorcher (Zot:4)
  16 frost giants
  16 deep elf sorcerers
  8 ghost moths
  5 emperor scorpions
  Aizul (Elf:2)
  15 vault wardens
  3 iron dragons
  An emperor scorpion (shapeshifter) (Vaults:5)
  A curse skull (Zig:7)
  2 warmongers (Pan)
  3 draconian shifters
  4 cacodemons (Pan)
  9 balrugs
  3 draconian zealots (Zot:3)
  7 spriggan defenders
  An angel (Pan)
  4 war gargoyles
  20 ghouls
  3 orc warlords
  20 ironheart preservers
  29 stone giants
  5 draconian annihilators
  16 reapers
  21 very ugly things
  A salamander firebrand (Hell)
  9 vampire knights
  4 blood saints (Pan)
  39 starcursed masses
  6 deep elf demonologists
  9 green draconians
  5 lorocyprocas
  3 corrupters (Pan)
  7 mottled draconians
  6 purple draconians
  8 black draconians
  8 deep elf annihilators
  14 deep elf death magi
  7 red draconians
  6 white draconians
  8 yellow draconians
  11 blizzard demons
  6 black suns (Pan)
  8 death oozes (Slime:6)
  3 merfolk javelineers (Shoals:4)
  A minotaur (Lab)
  6 green deaths
  19 jiangshi
  5 eidola
  12 ettins
  13 fire dragons
  19 great orbs of eyes
  28 vault guards
  13 merfolk impalers
  5 deep elf high priests
  11 hell beasts
  6 hydras
  Harold (Lair:1)
  7 death cobs
  15 rakshasas
  A naga warrior (Abyss:2)
  9 entropy weavers
  An ice dragon (shapeshifter) (Vaults:5)
  A great orb of eyes (shapeshifter) (Zig:8)
  26 yaktaur captains
  22 ice dragons
  A ghost crab (shapeshifter) (Vaults:5)
  5 merfolk avatars
  12 monstrous demonspawn (Pan)
  Erolcha (D:11)
  8 spriggan air magi
  A hydra (shapeshifter) (Vaults:5)
  2 catoblepae
  An alligator snapping turtle (Shoals:4)
  19 ogre magi
  18 dancing weapons
  An alligator snapping turtle (shapeshifter) (Zig:7)
  9 centaur warriors
  18 deep troll shamans
  4 death knights
  8 death yaks (Lair:6)
  2 satyrs (Shoals:4)
  7 merfolk aquamancers
  An alligator (shapeshifter) (Vaults:5)
  6 tengu warriors
  9 thrashing horrors
  9 salamander stormcallers
  10 vampire magi
  2 shock serpents (Zig:4)
  12 deep troll earth magi
  A titan zombie (Crypt:2)
  Urug (Lair:1)
  4 spriggan berserkers
  A storm dragon zombie (Hell)
  An orc high priest (Orc:4)
  20 sun demons
  2 naga sharpshooters (Zig:4)
  6 hell knights
  2 iron golems
  12 soul eaters
  20 gelid demonspawn (Pan)
  9 hell hogs
  9 wretched stars
  The ghost of WhatIsLove the Nimble, an experienced VSMo of Xom (D:8)
  A salamander mystic (Zig:8)
  10 shadow wraiths
  11 ice devils
  6 spatial maelstroms
  8 iron trolls
  50 skeletal warriors
  4 shadow demons
  A storm dragon skeleton (Abyss:1)
  5 unseen horrors
  18 deep elf knights
  3 fire crabs
  A swamp dragon (Zig:3)
  A giant orange brain (shapeshifter) (Vaults:2)
  7 giant orange brains
  57 deep trolls
  A death drake (Abyss:2)
  A golden dragon zombie (Crypt:1)
  A spectral anaconda (Vaults:5)
  An anaconda zombie (Hell)
  18 deep elf summoners
  8 putrid demonspawn (Pan)
  7 flayed ghosts
  A swamp dragon (shapeshifter) (Depths:3)
  An ice statue (Hell)
  14 sea snakes
  An obsidian statue (Zig:1)
  16 infernal demonspawn (Pan)
  16 orc knights
  23 ironbrand convokers
  A kraken simulacrum (Hell)
  An anubis guard (shapeshifter) (D:15)
  29 phantasmal warriors
  28 wolf spiders
  2 unseen horrors (shapeshifter) (D:15)
  9 hill giants
  A hill giant (shapeshifter) (Abyss:1)
  5 oklob plants
  A shadow dragon zombie (Crypt:3)
  7 harpies
  43 ugly things
  2 frost giant zombies
  7 orc sorcerers
  A salamander (Abyss:2)
  10 necromancers
  A tengu skeleton (Depths:2)
  20 deep elf conjurers
  10 moths of wrath
  A shining eye (shapeshifter) (Vaults:5)
  2 stone giant zombies (Crypt:3)
  15 hornets
  5 water nymphs
  2 fauns (Shoals:4)
  16 orb spiders
  7 cyclopes
  2 fauns (shapeshifter)
  7 shining eyes
  52 large abominations
  An iron dragon zombie (Hell)
  2 fire giant zombies
  13 griffons
  16 torturous demonspawn (Pan)
  5 wizards
  12 rust devils
  A stone giant skeleton (Abyss:3)
  8 manticores
  2 worldbinders
  7 black mambas
  28 elephants
  4 octopodes (shapeshifter)
  A frost giant skeleton (Vaults:4)
  A fire giant skeleton (Abyss:1)
  8 sirens
  39 smoke demons
  A drowned soul (Shoals:3)
  A titan simulacrum (Abyss:1)
  16 sixfirhies
  26 orange demons
  2 guardian serpents
  A guardian serpent (shapeshifter) (Elf:3)
  A naga mage (Abyss:2)
  A spiny frog (shapeshifter) (Vaults:2)
  2 molten gargoyles (Hell)
  5 torpor snails
  15 spiny frogs
  Psyche (D:12)
  5 apocalypse crabs
  20 vault sentinels
  15 tormentors
  An elephant slug zombie (Crypt:2)
  92 yaktaurs
  5 komodo dragons
  A black draconian zombie (Crypt:1)
  A komodo dragon (shapeshifter) (Vaults:5)
  33 hellwings
  An emperor scorpion zombie (Crypt:3)
  4 kobold demonologists
  6 efreet
  13 ancient zymes
  4 fire drakes
  4 hellions
  2 yaktaurs (shapeshifter)
  26 demonic crawlers
  A golden dragon simulacrum (Depths:2)
  17 deep elf priests
  3 elves (shapeshifter) (Vaults:2)
  25 red devils
  A mottled draconian skeleton (Crypt:3)
  31 two-headed ogres
  2 tengu conjurers
  3 harpy zombies (Shoals:2)
  A jumping spider (shapeshifter) (Depths:1)
  26 jumping spiders
  A wandering mushroom (Lair:8)
  2 sea snake skeletons
  13 freezing wraiths
  A spriggan druid (Lair:8)
  2 hydra zombies (Hell)
  9 polar bears
  24 raiju
  8 ravens
  A wind drake (shapeshifter) (Zig:1)
  A harpy skeleton (D:15)
  22 merfolk
  3 wind drakes
  A raiju (shapeshifter) (D:15)
  A moth of wrath zombie (Crypt:2)
  53 blink frogs
  3 fire vortices (Abyss:3)
  107 slime creatures
  4 blue devils
  6 boulder beetles
  3 hydra skeletons
  10 trolls
  3 ettin zombies
  A centaur simulacrum (D:15)
  2 frost giant simulacra
  A two-headed ogre (shapeshifter) (Vaults:5)
  A satyr zombie (Crypt:3)
  17 flying skulls
  6 bog bodies
  An alligator skeleton (Hell)
  An ice dragon zombie (Crypt:1)
  2 stone giant simulacra
  10 snapping turtles
  A baby alligator (shapeshifter) (Depths:1)
  A black mamba zombie (Crypt:3)
  A deep troll zombie (Zig:2)
  A griffon zombie (Shoals:2)
  48 ynoxinuls
  A tarantella (shapeshifter) (Vaults:5)
  A trapdoor spider (shapeshifter) (Vaults:5)
  A fire dragon skeleton (Crypt:3)
  A shadow (D:12)
  3 human simulacra (Vaults:4)
  53 redbacks
  A spriggan (shapeshifter) (Depths:3)
  A fire bat (Abyss:1)
  A human (Spider:2)
  28 tarantellas
  16 spriggans
  23 vampires
  39 deep elf magi
  4 hungry ghosts
  A yak (shapeshifter) (D:15)
  A hog (shapeshifter) (Vaults:2)
  23 water elementals
  Eustachio (D:5)
  22 trapdoor spiders
  2 hogs (Spider:2)
  A steam dragon (D:12)
  10 chaos spawn
  8 wyverns
  5 fire elementals (Hell)
  8 hippogriffs
  A spectral fire crab (Crypt:2)
  30 neqoxecs
  A yaktaur simulacrum (Vaults:2)
  7 air elementals
  A hippogriff (shapeshifter) (Vaults:4)
  5 basilisks
  29 yaks
  A spatial vortex (Abyss:3)
  A monstrous demonspawn zombie (Crypt:1)
  51 deep elf fighters
  6 golden eyes
  17 vampire mosquitoes
  40 wolves
  14 wraiths
  17 water moccasins
  3 wargs
  A human (shapeshifter) (Depths:3)
  2 mottled dragons
  2 insubstantial wisps
  A naga (D:9)
  2 soldier ants
  A hydra simulacrum (Hell)
  7 swamp worms (Lair:2)
  A spiny frog zombie (Crypt:3)
  A hell hound (Hell)
  Duvessa (D:6)
  A swamp drake (Zig:3)
  3 eyes of draining
  57 orc warriors
  8 black bears
  13 sky beasts
  A black bear (shapeshifter) (D:15)
  88 ogres
  A spriggan simulacrum (Zig:6)
  An eye of draining (shapeshifter) (Zig:7)
  A snapping turtle zombie (Crypt:3)
  9 wasps
  24 spiders
  7 necrophages
  A blink frog zombie (Crypt:3)
  12 porcupines
  17 ice beasts
  5 phantoms
  16 crocodiles
  31 centaurs
  13 boggarts
  A hog skeleton (Crypt:1)
  4 big kobolds
  2 boring beetles
  A brain worm (Lair:2)
  A fire drake skeleton (Crypt:3)
  An earth elemental (Abyss:2)
  A gnoll sergeant (D:6)
  A human zombie (Vaults:4)
  30 small abominations
  22 giant frogs
  A human skeleton (Vaults:4)
  A wyvern zombie (D:14)
  A salamander zombie (Crypt:3)
  Dowan (D:6)
  3 scorpions
  A troll zombie (D:11)
  2 elf zombies
  A raiju skeleton (Crypt:3)
  A yak skeleton (Crypt:2)
  13 wights
  2 killer bees (D:8)
  A giant frog zombie (D:13)
  4 electric eels
  8 crimson imps
  32 jellies
  A wasp zombie (D:8)
  3 centaur skeletons
  6 centaur zombies
  A gnoll shaman (D:7)
  A basilisk zombie (Crypt:3)
  35 orc priests
  4 giant frog skeletons
  37 orc wizards
  A worker ant (shapeshifter) (Vaults:5)
  5 hounds
  12 iguanas
  13 quasits
  8 worker ants
  6 hell rats
  8 iron imps
  A lightning spire (Zig:8)
  22 sheep
  A killer bee zombie (Crypt:1)
  5 ogre zombies (D:11)
  A hound zombie (D:5)
  A mottled dragon skeleton (Crypt:3)
  2 hound skeletons
  2 worker ant zombies (D:8)
  15 adders
  20 gnolls
  71 river rats
  A swamp drake zombie (Crypt:1)
  A steam dragon skeleton (Crypt:2)
  7 shadow imps
  7 white imps
  50 ufetubi
  10 oozes
  3 adder skeletons
  An adder zombie (D:8)
  An iguana zombie (Crypt:1)
  An iguana skeleton (Crypt:2)
  A worm (shapeshifter) (Vaults:5)
  12 worms
  6 giant geckos
  234 orcs
  4 ball pythons (Sewer)
  17 bats
  A bat skeleton (D:5)
  A bat zombie (Shoals:2)
  23 goblins
  20 hobgoblins
  13 jackals
  7 quokkas
  3 giant cockroaches
  2 giant gecko skeletons
  4 giant newts
  A giant spore (D:15)
  4 goblin zombies (D:11)
  A hobgoblin zombie (D:11)
  2 jackal zombies (D:8)
  38 kobolds
  A lurking horror (Zig:1)
  3 orc skeletons (D:11)
  12 orc zombies
  3 quokka skeletons
  13 rats
  14 ballistomycetes
  A bush (Abyss:1)
  2 fungi
  4 plants
  17 starspawn tentacles
  A tentacle (Hell)
4389 creatures vanquished.

Vanquished Creatures (others)
  A Killer Klown (Zig:7)
  A lich (Vaults:4)
  2 eldritch tentacles
  A sphinx (Depths:4)
  A storm dragon (Zot:3)
  A tengu reaver (Vaults:5)
  A deep elf sorcerer (Vaults:5)
  2 draconian knights
  A draconian scorcher (Zot:1)
  A very ugly thing (Vaults:5)
  A blood saint (Pan)
  A green draconian (Zot:2)
  A black draconian (Zot:3)
  A lorocyproca (Zig:9)
  A yellow draconian (Zot:2)
  A fire dragon (Depths:2)
  A deep elf high priest (Elf:3)
  A yaktaur captain (Vaults:5)
  A dancing weapon (Pan)
  A vampire mage (Abyss:3)
  A deep elf knight (Elf:2)
  A soul eater (Hell)
  An ice devil (Zig:9)
  A deep troll (Vaults:2)
  A faun (Shoals:4)
  An ugly thing (Depths:1)
  9 drowned souls
  An orange demon (Pan)
  A deep elf priest (Vaults:5)
  A fire vortex (Vaults:5)
  A black mamba zombie (Hell)
  3 water elementals
  A human (Spider:2)
  2 redbacks
  A golden eye (Abyss:2)
  3 deep elf fighters
  A mottled dragon (Zot:4)
  A spider (Vaults:5)
  An ogre (Vaults:3)
  6 lost souls
  A crimson imp (Abyss:2)
  2 ufetubi (Pan)
  7 orcs
  A giant cockroach (D:8)
  5 giant spores
  A lurking horror (Abyss:3)
  177 eldritch tentacle segments
  9 fungi
  4 plants (Lair:8)
  44 starspawn tentacles
  258 starspawn tentacle segments
  17 tentacles
  1063 tentacle segments
1649 creatures vanquished.

Grand Total: 6038 creatures vanquished

Notes
Turn   | Place    | Note
--------------------------------------------------------------
     0 | D:1      | namelastname112, the Draconian Assassin, began the quest for the Orb.
     0 | D:1      | Reached XP level 1. HP: 17/17 MP: 1/1
    16 | D:1      | Reached skill level 1 in Short Blades
    60 | D:1      | Reached XP level 2. HP: 11/24 MP: 2/2
   128 | D:1      | Reached skill level 4 in Stealth
   820 | D:2      | Reached XP level 3. HP: 27/29 MP: 3/3
  1424 | D:3      | Found a glowing drain.
  1466 | Sewer    | Entered a sewer
  1739 | Sewer    | Reached XP level 4. HP: 34/36 MP: 4/4
  2376 | D:4      | Reached skill level 5 in Stealth
  2413 | D:4      | Reached XP level 5. HP: 25/41 MP: 5/5
  2769 | D:4      | Found Ecubbut's Assorted Antiques.
  2812 | D:4      | Reached XP level 6. HP: 45/48 MP: 6/6
  3172 | D:4      | Reached skill level 6 in Stealth
  3424 | D:5      | Entered Level 5 of the Dungeon
  3448 | D:5      | Reached skill level 5 in Short Blades
  3448 | D:5      | Your scales start taking on a glossy black colour.
  3448 | D:5      | Gained mutation: You are resistant to electric shocks. [Black Draconian growth]
  3448 | D:5      | Reached XP level 7. HP: 42/55 MP: 7/7
  3645 | D:5      | Noticed Eustachio
  3666 | D:5      | Killed Eustachio
  3666 | D:5      | Reached skill level 7 in Stealth
  3907 | D:5      | Reached XP level 8. HP: 61/61 MP: 8/8
  4089 | D:5      | Found a deep blue altar of Sif Muna.
  4100 | D:5      | Reached skill level 8 in Stealth
  4275 | D:6      | Found a shimmering altar of Xom.
  4594 | D:6      | Reached skill level 9 in Stealth
  4662 | D:6      | Gained mutation: Your muscles are strong. (Str +2) [mutagenic meat]
  4663 | D:6      | Gained mutation: Your muscles are very strong. (Str +4) [mutagenic meat]
  4664 | D:6      | Gained mutation: You are agile. (Dex +2) [mutagenic meat]
  4665 | D:6      | Gained mutation: You have large cloven feet. [mutagenic meat]
  4666 | D:6      | Gained mutation: Scrolls take you a little longer to read. [mutagenic meat]
  4704 | D:6      | Noticed Duvessa
  4722 | D:6      | Killed Duvessa
  4723 | D:6      | Noticed Dowan
  4739 | D:6      | Killed Dowan
  4739 | D:6      | Reached XP level 9. HP: 52/67 MP: 9/9
  4823 | D:6      | Found a white marble altar of Elyvilon.
  5498 | D:7      | Found a staircase to the Ecumenical Temple.
  5515 | Temple   | Entered the Ecumenical Temple
  5521 | Temple   | Became a worshipper of Gozag Ym Sagoz the Greedy
  5938 | D:7      | Reached skill level 10 in Stealth
  6235 | D:8      | Noticed WhatIsLove's ghost (experienced VSMo)
  6249 | D:8      | Killed WhatIsLove's ghost
  6270 | D:8      | Reached skill level 10 in Short Blades
  6328 | D:8      | Reached XP level 10. HP: 73/73 MP: 10/10
  6357 | D:8      | Noticed a hill giant
  6388 | D:8      | Killed a hill giant
  6388 | D:8      | Reached skill level 11 in Stealth
  6416 | D:8      | Noticed a centaur warrior
  6416 | D:8      | Noticed a red ugly thing
  6493 | D:8      | Found a basalt altar of Yredelemnul.
  6495 | D:8      | Found a shadowy altar of Dithmenos.
  6497 | D:8      | Found an ancient bone altar of Kikubaaqudgha.
  6497 | D:8      | Found a deep blue altar of Sif Muna.
  6497 | D:8      | Found a sparkling altar of Nemelex Xobeh.
  6499 | D:8      | Found a stormy altar of Qazlal.
  6499 | D:8      | Found an iron altar of Okawaru.
  6500 | D:8      | Found a shattered altar of Ashenzari.
  6643 | D:8      | Killed a red ugly thing
  6717 | D:8      | Killed a centaur warrior
  7074 | D:8      | Reached skill level 12 in Stealth
  7665 | D:8      | Found a viscous altar of Jiyva.
  7738 | D:8      | Found a burning altar of Makhleb.
  7834 | D:8      | Gained mutation: You have a pair of small antennae on your head. [potion of beneficial mutation]
  7901 | D:9      | Got a scorched flail
  7929 | D:9      | Found Fofefed's Antique Weapon Shoppe.
  8100 | D:9      | Reached XP level 11. HP: 67/79 MP: 11/11
  8342 | D:9      | Found a glowing silver altar of Zin.
  8441 | D:9      | Found an iron altar of Okawaru.
  8573 | D:9      | Drew Focus: Dex increased to 17, Int decreased to 11
  8575 | D:9      | Drew Focus: Dex increased to 18, Int decreased to 10
  8784 | D:10     | Entered Level 10 of the Dungeon
  8837 | D:10     | Noticed a hill giant
  8874 | D:10     | Killed a hill giant
  8945 | D:10     | Noticed a hill giant
  8998 | D:10     | Killed a hill giant
  9712 | D:10     | Found Joatiote's Armour Boutique.
  9768 | D:10     | Reached skill level 13 in Short Blades
  9814 | D:10     | Reached skill level 1 in Dodging
  9941 | D:10     | Noticed a hill giant
  9969 | D:10     | Killed a hill giant
 10156 | D:11     | Found a staircase to the Lair.
 10161 | D:11     | You fall through a shaft!
 10364 | D:12     | Noticed Psyche
 10379 | D:12     | Killed Psyche
 10653 | D:12     | Found Yheps's Assorted Antiques.
 10659 | D:12     | Bought a flickering steel ring for 110 gold pieces
 10659 | D:12     | Bought a glowing cloak for 99 gold pieces
 10671 | D:12     | Identified the +8 flail of Nisas {venom, MR+} (You found it on level 9 of the Dungeon)
 10672 | D:12     | Identified the ring "Hoha" {SustAb Str+6} (You bought it in a shop on level 12 of the Dungeon)
 11061 | D:12     | Noticed a centaur warrior
 11158 | D:12     | Reached skill level 5 in Fighting
 11287 | D:12     | Killed an unseen horror
 11287 | D:12     | Reached XP level 12. HP: 82/94 MP: 12/12
 11754 | D:11     | Found a staircase to the Orcish Mines.
 12005 | D:11     | Noticed a hill giant
 12014 | D:11     | Killed a hill giant
 12014 | D:11     | Reached skill level 5 in Throwing
 12407 | D:11     | Reached skill level 5 in Dodging
 12571 | D:11     | Noticed Erolcha
 12605 | D:11     | Killed Erolcha
 12788 | D:11     | You fall through a shaft for 2 floors!
 13030 | Lair:1   | Entered Level 1 of the Lair of Beasts
 13086 | Lair:1   | Noticed Harold
 13100 | Lair:1   | Killed Harold
 13429 | Lair:1   | Noticed Urug
 13479 | Lair:1   | Killed Urug
 14948 | Lair:2   | Reached XP level 13. HP: 34/108 MP: 13/13
 15570 | Lair:3   | Reached skill level 1 in Evocations
 15965 | Lair:3   | Noticed Maud
 16019 | Lair:3   | Killed Maud
 16726 | Lair:4   | Got a slimy dagger
 16728 | Lair:4   | Identified the +10 dagger of Tokh {antimagic, rElec rF+ Str-5 Stlth+} (You found it on level 4 of the Lair of Beasts)
 17138 | Lair:4   | Got a smoking copper ring
 17182 | Lair:4   | Identified the ring "Wuot" {+Fly Slay+3} (You found it on level 4 of the Lair of Beasts)
 17657 | Lair:5   | Found a staircase to the Shoals.
 17900 | Lair:5   | Reached skill level 10 in Fighting
 18375 | Lair:6   | Reached skill level 5 in Evocations
 18599 | Lair:6   | Gained mutation: Your large and strong wings let you fly indefinitely. [Black Draconian growth]
 18599 | Lair:6   | Reached XP level 14. HP: 82/122 MP: 18/18
 19449 | Lair:6   | Found a hole to the Spider Nest.
 20760 | Lair:8   | Entered Level 8 of the Lair of Beasts
 21272 | Lair:8   | Paralysed by a wasp for 2 turns
 21373 | Lair:8   | Reached skill level 10 in Dodging
 21451 | Lair:8   | Reached skill level 10 in Throwing
 21724 | Lair:8   | Reached skill level 5 in Shields
 21724 | Lair:8   | Reached XP level 15. HP: 132/132 MP: 21/21
 22079 | Lair:8   | Reached XP level 16. HP: 121/139 MP: 22/22
 23467 | Orc:1    | Entered Level 1 of the Orcish Mines
 23503 | Orc:1    | Found a bloodstained altar of Trog.
 24402 | Orc:1    | Found Jezxef's General Store.
 24538 | Orc:1    | Found a roughly hewn altar of Beogh.
 25288 | Orc:3    | Found a staircase to the Elven Halls.
 25366 | Orc:4    | Entered Level 4 of the Orcish Mines
 25438 | Orc:4    | Found a labyrinth entrance.
 25455 | Lab      | Entered a labyrinth
 25740 | Orc:4    | Found a roughly hewn altar of Beogh.
 25964 | Orc:4    | Found a roughly hewn altar of Beogh.
 26029 | Orc:4    | Found a roughly hewn altar of Beogh.
 26466 | Orc:4    | Found a roughly hewn altar of Beogh.
 26649 | Orc:4    | Found a roughly hewn altar of Beogh.
 26649 | Orc:4    | Found Laug's Assorted Antiques.
 26796 | Orc:4    | Found Fapismoe's Antique Weapon Emporium.
 26798 | Orc:4    | Found Ceocott's Antique Armour Shoppe.
 26824 | Orc:4    | Bought a pair of runed gloves for 148 gold pieces
 27054 | Orc:4    | Found a roughly hewn altar of Beogh.
 27095 | Orc:4    | Found Ruyvaxt's Magic Scroll Boutique.
 27151 | Orc:4    | Found a roughly hewn altar of Beogh.
 27253 | D:13     | Found an iron altar of Okawaru.
 27720 | D:13     | Noticed a centaur warrior
 27742 | D:13     | Killed a centaur warrior
 27869 | D:13     | Got a bound marble ring
 27966 | D:13     | Noticed a centaur warrior
 27975 | D:13     | Killed a centaur warrior
 28058 | D:13     | Found a gate to the Vaults.
 28058 | D:13     | Noticed a vault guard
 28076 | D:13     | Killed a vault guard
 28460 | D:14     | Found Dynkuic's Food Boutique.
 28497 | D:14     | You are sucked into a shaft!
 28497 | D:15     | Entered Level 15 of the Dungeon
 28919 | D:15     | Found a blossoming altar of Fedhas.
 28937 | D:15     | Found Ruocs's Armour Emporium.
 29062 | D:15     | Bought the +0 mask of the Dragon {MR+ Slay+3 SInv} for 501 gold pieces
 29267 | D:15     | Found Xoduon's Magic Scroll Shop.
 29664 | D:15     | Found a staircase to the Depths.
 29860 | Elf:1    | Entered Level 1 of the Elven Halls
 30122 | Elf:1    | Reached skill level 10 in Evocations
 30707 | Elf:1    | Noticed Frances
 30751 | Elf:1    | Noticed an Executioner
 30755 | Elf:1    | Noticed a Hell Sentinel
 31114 | Elf:1    | Learned a level 1 spell: Apportation
 31117 | Elf:1    | Learned a level 2 spell: Repel Missiles
 31119 | Elf:1    | Identified the Collected Works on the Escort (You found it on level 1 of the Elven Halls)
 31226 | Elf:1    | Reached XP level 17. HP: 93/151 MP: 24/24
 31883 | Elf:2    | Found a flickering gateway to a bazaar.
 31929 | Bazaar   | Entered a bazaar
 31943 | Bazaar   | Found Fiorph's Magic Scroll Emporium.
 31943 | Bazaar   | Found Butso's Book Shoppe.
 31966 | Bazaar   | Found Mupn's Food Emporium.
 31966 | Bazaar   | Found Goaxeqir's Antique Weapon Shoppe.
 31977 | Bazaar   | Bought a steaming scimitar for 261 gold pieces
 31983 | Bazaar   | Bought a bread ration for 40 gold pieces
 31983 | Bazaar   | Bought a bread ration for 40 gold pieces
 31986 | Bazaar   | Identified a +1 rod of shadows (11/11) (You found it in a labyrinth)
 31987 | Bazaar   | Identified a +4 rod of shadows (11/11) (You found it in a labyrinth)
 31991 | Bazaar   | Identified the ring of the Snail {Wiz +Inv rF+} (You found it on level 13 of the Dungeon)
 32004 | Bazaar   | Identified the +5 scimitar "Jyckazxi" {vamp, -Tele +Rage rF+++ MP+9} (You bought it in a shop in a bazaar)
 32016 | Bazaar   | Found Musone's Antique Armour Shoppe.
 32022 | Bazaar   | Bought a buckler for 94 gold pieces
 32095 | Elf:2    | Found Fobriv's Magic Scroll Boutique.
 32211 | Elf:2    | Found Noopp's Book Boutique.
 32231 | Elf:2    | Reached skill level 14 in Fighting
 32295 | Elf:2    | Found Loem's Antique Armour Boutique.
 32333 | Elf:2    | Bought a pair of embroidered boots for 103 gold pieces
 32452 | Elf:2    | Found Katwargh's Antique Armour Shoppe.
 32455 | Elf:2    | Bought a pair of runed gloves for 135 gold pieces
 32455 | Elf:2    | Bought a runed cloak for 135 gold pieces
 32559 | Elf:2    | Found a runed gate.
 32560 | Elf:2    | Found a runed gate.
 32561 | Elf:2    | Found a runed gate.
 33110 | Elf:2    | Noticed Aizul
 33132 | Elf:2    | Killed Aizul
 33316 | Elf:2    | HP: 3/152 [mace of crushing (12)]
 33316 | Elf:2    | HP: 1/152 [mace of crushing (2)]
 33492 | Elf:2    | Killed Frances
 33779 | Elf:2    | Reached skill level 1 in Long Blades
 34607 | Elf:3    | Entered Level 3 of the Elven Halls
 34785 | Elf:3    | Found Resuem's Distillery.
 35046 | Shoals:1 | Entered Level 1 of the Shoals
 35640 | Shoals:1 | Reached skill level 5 in Long Blades
 37089 | Shoals:2 | Reached XP level 18. HP: 119/161 MP: 23/26
 38544 | Shoals:4 | Entered Level 4 of the Shoals
 39316 | Shoals:4 | Reached skill level 10 in Shields
 39321 | Shoals:4 | Got a barnacled rune of Zot
 39861 | Shoals:4 | Noticed Ilsuiw
 39894 | Shoals:4 | Killed Ilsuiw
 40643 | Vaults:1 | Entered Level 1 of the Vaults
 40666 | Vaults:1 | Found Usarogumm's Food Boutique.
 40721 | Vaults:1 | Bought a bread ration for 65 gold pieces
 40721 | Vaults:1 | Bought a bread ration for 65 gold pieces
 40721 | Vaults:1 | Bought a bread ration for 65 gold pieces
 40721 | Vaults:1 | Bought a bread ration for 65 gold pieces
 40721 | Vaults:1 | Bought a bread ration for 65 gold pieces
 41483 | Vaults:1 | Found Ysimoumu's Weapon Shop.
 41563 | Vaults:1 | Noticed Asterion
 41578 | Vaults:1 | Killed Asterion
 41913 | Vaults:1 | Reached XP level 19. HP: 122/168 MP: 27/27
 42673 | Vaults:2 | Found Redi's Assorted Antiques.
 42678 | Vaults:2 | Bought a scroll labeled CUS FEAXOBEWUS for 43 gold pieces
 42835 | Vaults:2 | Found Hynlia's Assorted Antiques.
 42838 | Vaults:2 | Bought a potion of heal wounds for 165 gold pieces
 43426 | Vaults:2 | Paralysed by a hornet for 2 turns
 43800 | Vaults:2 | Reached skill level 15 in Shields
 44387 | Vaults:2 | Found a staircase to the Crypt.
 45183 | Vaults:3 | Reached skill level 16 in Shields
 46593 | Vaults:3 | Reached skill level 17 in Shields
 46771 | Vaults:4 | Reached XP level 20. HP: 116/176 MP: 28/28
 46900 | Vaults:4 | Found Dofulusy's Armour Emporium.
 47565 | Vaults:4 | Reached skill level 18 in Shields
 48665 | Vaults:4 | Reached skill level 19 in Shields
 49935 | Spider:1 | Entered Level 1 of the Spider Nest
 50128 | Spider:1 | Noticed Rupert
 50140 | Spider:1 | Killed Rupert
 50525 | Spider:1 | Noticed Nikola
 50569 | Spider:1 | Killed Nikola
 50569 | Spider:1 | Reached skill level 10 in Long Blades
 51193 | Spider:2 | Gained mutation: You evolve. [potion of beneficial mutation]
 51291 | Spider:2 | Noticed Kirke
 51312 | Spider:2 | Killed Kirke
 52279 | Spider:3 | Reached XP level 21. HP: 161/182 MP: 29/29
 52579 | Spider:4 | Entered Level 4 of the Spider Nest
 53900 | Spider:4 | Got a gossamer rune of Zot
 54546 | Depths:1 | Entered Level 1 of the Depths
 54546 | Depths:1 | Found Jifier's Magic Scroll Boutique.
 54569 | Depths:1 | Bought a scroll of blinking for 97 gold pieces
 54570 | Depths:1 | Found Niepeg's Antique Armour Boutique.
 54590 | Depths:1 | Bought a runed cloak for 103 gold pieces
 55078 | Depths:1 | Found a gateway to Hell.
 55104 | Depths:1 | Reached skill level 15 in Fighting
 55278 | Depths:1 | Noticed a caustic shrike
 55282 | Depths:1 | Killed a caustic shrike
 55298 | Depths:1 | Lost mutation: You have a pair of small antennae on your head. [evolution]
 55470 | Depths:1 | Found a portal to a secret trove of treasure.
 55662 | Depths:2 | Found Aletost's Food Shop.
 55687 | Depths:2 | Found an ancient bone altar of Kikubaaqudgha.
 55715 | Depths:2 | Bought a bread ration for 70 gold pieces
 55715 | Depths:2 | Bought a bread ration for 70 gold pieces
 55715 | Depths:2 | Bought a bread ration for 70 gold pieces
 56431 | Depths:2 | Reached XP level 22. HP: 192/194 MP: 30/30
 56562 | Depths:2 | Noticed a caustic shrike
 56573 | Depths:2 | Killed a caustic shrike
 56957 | Depths:2 | Reached skill level 15 in Dodging
 59128 | Elf:3    | Reached skill level 15 in Long Blades
 59381 | Elf:3    | Got a clouded glass ring
 59417 | Elf:3    | Got a flickering bone ring
 59421 | Elf:3    | Got a crude bronze ring
 59425 | Elf:3    | Identified the Incunabulum of Battle Magic and the Frostbite
 59434 | Elf:3    | Got a warped glass ring
 59449 | Elf:3    | Identified the Guide on Dislocated Transmigration
 59815 | Elf:3    | Identified the ring "Uvuiheta" {Wiz rC+ Dex+4 Stlth+} (You found it on level 3 of the Elven Halls)
 59817 | Elf:3    | Identified the ring of Zin's Righteous Anger {+/*Tele MR+ Int+3 Dex+4} (You found it on level 3 of the Elven Halls)
 59819 | Elf:3    | Identified the ring "Nutuvayjuq" {SustAb rF+ Str+3 SInv} (You found it on level 3 of the Elven Halls)
 59821 | Elf:3    | Identified the ring of Kofyorio {rPois rF+ MR+ Dex-2 SInv} (You found it on level 3 of the Elven Halls)
 59821 | Elf:3    | Identified a +8 rod of clouds (13/13) (You found it on level 3 of the Elven Halls)
 59825 | Elf:3    | Got a translucent long sword
 59827 | Elf:3    | Identified the +7 long sword "Wicehu" {antimagic, Str+4 Int+2} (You found it on level 3 of the Elven Halls)
 59845 | Elf:3    | Learned a level 5 spell: Phase Shift
 61292 | D:12     | Killed a centaur warrior
 61532 | Depths:3 | Reached XP level 23. HP: 175/206 MP: 31/31
 61815 | Depths:3 | Found a gateway to a ziggurat.
 62374 | Depths:3 | Noticed the Enchantress
 62751 | Depths:3 | Bought a scroll of recharging for 104 gold pieces
 62857 | Depths:3 | Noticed Margery
 62962 | Depths:3 | Killed the Enchantress
 63348 | Depths:3 | Killed Margery
 63552 | Depths:3 | Found a one-way gate leading to the halls of Pandemonium.
 63784 | Depths:3 | Found Ofacephi's Antique Weapon Boutique.
 63971 | Depths:3 | Learned a level 2 spell: Blink
 64229 | Depths:3 | Found a glowing golden altar of the Shining One.
 64245 | Depths:3 | Lost mutation: Scrolls take you a little longer to read. [evolution]
 64245 | Depths:3 | Lost mutation: You evolve. [end of evolution]
 64362 | Depths:4 | Reached skill level 1 in Translocations
 64362 | Depths:4 | Reached skill level 1 in Air Magic
 64463 | Depths:4 | Reached skill level 1 in Spellcasting
 64463 | Depths:4 | Reached skill level 1 in Charms
 64598 | Depths:4 | Found a one-way gate to the infinite horrors of the Abyss.
 64697 | Depths:4 | Found Ifuecab's Food Emporium.
 64701 | Depths:4 | Bought a bread ration for 50 gold pieces
 64701 | Depths:4 | Bought a bread ration for 50 gold pieces
 65124 | Depths:4 | Noticed Boris
 65143 | Depths:4 | Killed Boris
 65448 | Depths:5 | Entered Level 5 of the Depths
 65791 | Depths:5 | Reached XP level 24. HP: 196/217 MP: 31/31
 65908 | Depths:5 | Found a gate to the Realm of Zot.
 65962 | Depths:5 | Found Qujik's Antique Weapon Emporium.
 66246 | Depths:5 | Got a bound marble ring
 66247 | Depths:5 | Identified the ring "Juenuf" {Wiz Str+3} (You took it off a frost giant on level 5 of the Depths)
 66333 | Depths:5 | Reached skill level 5 in Air Magic
 66356 | Depths:5 | Reached skill level 5 in Translocations
 66517 | Depths:5 | Found an iron altar of Okawaru.
 67958 | Vaults:4 | Reached skill level 5 in Charms
 68014 | Vaults:5 | Entered Level 5 of the Vaults
 68067 | Vaults:5 | Reached skill level 5 in Spellcasting
 69095 | Vaults:5 | Got an ancient tin ring
 69096 | Vaults:5 | Identified the ring "Cabeudih" {+Inv +Fly rF+ MP-9 Dex+4} (You found it on level 5 of the Vaults)
 69117 | Vaults:5 | Got a bound brass ring
 69118 | Vaults:5 | Identified the ring "Noggugu" {Ice Str+3 Int-3 Dex-4 Stlth+} (You found it on level 5 of the Vaults)
 69140 | Vaults:5 | Got a clouded turquoise ring
 69141 | Vaults:5 | Identified the ring of Dawn {MR+ AC+5 Dex+3} (You found it on level 5 of the Vaults)
 69157 | Vaults:5 | Identified the Guide on Feathers (You found it on level 5 of the Vaults)
 69165 | Vaults:5 | Learned a level 6 spell: Deflect Missiles
 69180 | Vaults:5 | Identified the Almanac of Bewitchment and Ignition
 69187 | Vaults:5 | Learned a level 5 spell: Silence
 70392 | Vaults:5 | Reached XP level 25. HP: 129/224 MP: 34/34
 70607 | Vaults:5 | Reached skill level 10 in Air Magic
 70946 | Vaults:5 | Got a silver rune of Zot
 71984 | Vaults:5 | Got a twisted long sword
 71985 | Vaults:5 | Identified the +1 long sword of the Dark Horse {elec, Int+2 Dex+2 SInv} (You found it on level 5 of the Vaults)
 74391 | Crypt:1  | Entered Level 1 of the Crypt
 74613 | Crypt:1  | Reached skill level 10 in Translocations
 75330 | Crypt:1  | Found an ancient bone altar of Kikubaaqudgha.
 75572 | Crypt:1  | Paralysed by a giant eyeball for 4 turns
 75593 | Crypt:1  | Paralysed by a giant eyeball for 3 turns
 75599 | Crypt:1  | Paralysed by a giant eyeball for 3 turns
 75609 | Crypt:1  | Paralysed by a giant eyeball for 2 turns
 75626 | Crypt:1  | Paralysed by a giant eyeball for 4 turns
 75981 | Crypt:2  | Noticed Saint Roka
 76236 | Crypt:2  | Killed Saint Roka
 76250 | Crypt:2  | Killed the ghostly Saint Roka
 76426 | Crypt:2  | Found a glowing silver altar of Zin.
 76763 | Crypt:2  | Reached skill level 10 in Charms
 76841 | Crypt:2  | Noticed Frederick
 76858 | Crypt:2  | Killed Frederick
 76912 | Crypt:2  | Reached skill level 10 in Spellcasting
 77075 | Crypt:3  | Entered Level 3 of the Crypt
 77230 | Crypt:3  | Found a staircase to the Tomb.
 77276 | Crypt:3  | Reached XP level 26. HP: 151/232 MP: 37/37
 77653 | Crypt:3  | Identified a +3 rod of destruction (13/13) (You found it on level 3 of the Crypt)
 77838 | Crypt:3  | Identified a scroll of acquirement
 78034 | Crypt:3  | Got an ichor-stained hat
 78045 | Crypt:3  | Identified the +0 hat of the End {rElec rCorr} (You acquired it on level 3 of the Crypt)
 78422 | Crypt:3  | Got a clouded copper ring
 78423 | Crypt:3  | Identified the ring "Yma Zewk" {rC++ MP+9 EV+5 Dex+4} (You took it off a vampire on level 3 of the Crypt)
 78716 | Crypt:3  | Found a basalt altar of Yredelemnul.
 79383 | Crypt:3  | Got a polished great mace
 79385 | Crypt:3  | Identified the +1 great mace of Jathihuff {drain, rC++ Str+5} (You took it off a vampire on level 3 of the Crypt)
 80089 | Hell     | Entered the Vestibule of Hell
 80089 | Hell     | Noticed Geryon
 80506 | Hell     | Killed Geryon
 80709 | Hell     | Found a gateway to the ashen valley of Gehenna.
 80842 | Hell     | Found a gateway to the decaying netherworld of Tartarus.
 81044 | Hell     | Found a gateway to the freezing wastes of Cocytus.
 81161 | Hell     | Found a gateway to the Iron City of Dis.
 81478 | Zot:1    | Entered Level 1 of the Realm of Zot
 83410 | Zot:2    | Reached skill level 15 in Air Magic
 83473 | Zot:2    | Reached XP level 27. HP: 168/239 MP: 39/39
 86088 | Zig:1    | Entered Level 1 of a ziggurat
 86234 | Zig:2    | Entered Level 2 of a ziggurat
 86278 | Zig:3    | Entered Level 3 of a ziggurat
 86320 | Zig:3    | Identified the Reference Book on the Escort (You found it on level 3 of a ziggurat)
 86323 | Zig:3    | Identified Sif Muna's Guide on the Entourage (You found it on level 3 of a ziggurat)
 86326 | Zig:3    | Learned a level 1 spell: Summon Butterflies
 86338 | Zig:4    | Entered Level 4 of a ziggurat
 86410 | Zig:4    | Got a pair of translucent gloves
 86421 | Zig:4    | Identified the +1 pair of gloves of Dithmenos's Fury {rN++ Str+4 Slay-3} (You acquired it on level 4 of a ziggurat)
 86458 | Zig:5    | Entered Level 5 of a ziggurat
 86543 | Zig:6    | Entered Level 6 of a ziggurat
 86545 | Zig:6    | Noticed an ancient lich
 86560 | Zig:6    | Killed an ancient lich
 86628 | Zig:7    | Entered Level 7 of a ziggurat
 86638 | Zig:7    | Got a twitching wooden ring
 86790 | Depths:3 | Identified the ring of Autumn {Int+2 Stlth+} (You found it on level 7 of a ziggurat)
 87734 | D:4      | Bought a potion of heal wounds for 110 gold pieces
 88185 | Depths:4 | Voluntarily entered the Abyss.
 88319 | Abyss:1  | Paralysed by accursed screaming for 1 turns
 88338 | Abyss:1  | Reached skill level 20 in Shields
 88462 | Abyss:1  | Found a corrupted altar of Lugonu.
 88483 | Abyss:1  | Found a corrupted altar of Lugonu.
 88587 | Abyss:1  | Gained mutation: You are frail (-10% HP). [a neqoxec]
 88787 | Abyss:1  | Found a corrupted altar of Lugonu.
 88872 | Abyss:1  | Paralysed by you for 6 turns
 88995 | Abyss:1  | Found a corrupted altar of Lugonu.
 89097 | Abyss:1  | Gained mutation: Your spells are a little easier to cast, but a little less powerful. [a neqoxec]
 89312 | Abyss:1  | Gained mutation: You are very frail (-20% HP). [a neqoxec]
 90000 | Abyss:3  | Found a corrupted altar of Lugonu.
 90061 | Abyss:3  | Got an abyssal rune of Zot
 90379 | Abyss:3  | Reached skill level 15 in Spellcasting
 90395 | Abyss:3  | Lost mutation: You are agile. (Dex +2) [a neqoxec]
 90698 | Abyss:3  | Paralysed by accursed screaming for 1 turns
 90713 | Abyss:3  | Gained mutation: Potions and wands are less effective at restoring your health. [a shining eye]
 90715 | Abyss:3  | Gained mutation: Your magical capacity is low (-10% MP). [a shining eye]
 90913 | Depths:4 | Escaped the Abyss
 90914 | Depths:4 | Lost mutation: You are very frail (-20% HP). [potion of cure mutation]
 90914 | Depths:4 | Lost mutation: Your magical capacity is low (-10% MP). [potion of cure mutation]
 91281 | Lair:1   | Bought an uncursed amulet of resist mutation for 600 gold pieces
 91540 | Depths:4 | Upgraded the game from 0.17-a0-877-ga10078a to 0.17-a0-896-g249456b
 91541 | Depths:4 | Voluntarily entered the Abyss.
 92056 | Abyss:1  | Noticed an ancient lich
 92086 | Abyss:1  | Killed an ancient lich
 92086 | Abyss:1  | Reached skill level 21 in Shields
 92217 | Abyss:2  | Got a faintly glowing cloak
 92218 | Abyss:2  | Identified the +1 cloak of the Forsaken Runes {Dex+4} (You found it on level 2 of the Abyss)
 92688 | Abyss:2  | Found a corrupted altar of Lugonu.
 93259 | Abyss:2  | Found a shadowy altar of Dithmenos.
 93802 | Depths:4 | Escaped the Abyss
 93956 | Depths:1 | You paid a toll of 11 potions of heal wounds to enter a treasure trove
 93957 | Trove    | Entered a treasure trove
 93977 | Trove    | Identified the Grimoire of Flying Venom
 93998 | Trove    | Identified the Papyrus of Lucky Hexes
 94021 | Trove    | Identified Inaleale's Incunabulum of Enhancements
 94030 | Trove    | Learned a level 3 spell: Ozocubu's Armour
 94037 | Trove    | Learned a level 6 spell: Haste
 94047 | Trove    | Learned a level 9 spell: Tornado
 94059 | Trove    | Identified Guinal's Reference Book on Glacial Evil (You found it in a treasure trove)
 94068 | Trove    | Learned a level 3 spell: Regeneration
 94099 | Depths:1 | Identified a +0 pair of boots of running (You acquired it on level 1 of the Depths)
 94709 | Lair:1   | Identified a +2 rod of destruction (10/10) (You took it off a skeletal warrior on level 3 of the Crypt)
 94713 | Lair:1   | Lost mutation: You are frail (-10% HP). [potion of cure mutation]
 94713 | Lair:1   | Lost mutation: Potions and wands are less effective at restoring your health. [potion of cure mutation]
 94713 | Lair:1   | Lost mutation: Your spells are a little easier to cast, but a little less powerful. [potion of cure mutation]
 94713 | Lair:1   | Lost mutation: Your muscles are very strong. (Str +4) [potion of cure mutation]
 94713 | Lair:1   | Lost mutation: Your muscles are strong. (Str +2) [potion of cure mutation]
 94713 | Lair:1   | Lost mutation: You have large cloven feet. [potion of cure mutation]
 94839 | D:9      | Bought a translucent triple sword for 420 gold pieces
 94839 | D:9      | Identified the +1 triple sword of Duufaoll {vamp, rElec rC+} (You bought it in a shop on level 9 of the Dungeon)
 95404 | Lair:7   | Found a staircase to the Slime Pits.
 95524 | Slime:1  | Entered Level 1 of the Pits of Slime
 95676 | Slime:2  | Noticed Dissolution
 95691 | Slime:1  | Gained mutation: You occasionally shout uncontrollably at your foes. [a shining eye]
 95761 | Slime:1  | Killed Dissolution
 96114 | Slime:6  | Entered Level 6 of the Pits of Slime
 97584 | Slime:6  | Found a viscous altar of Jiyva.
 97589 | Slime:6  | Noticed the royal jelly
 97590 | Slime:6  | Paralysed by a great orb of eyes for 6 turns
 98231 | Slime:6  | Killed the royal jelly
 98718 | Slime:6  | Got a shimmering amber ring
 98719 | Slime:6  | Identified the ring of Doubts {SustAb Int+6 SInv} (You found it on level 6 of the Pits of Slime)
 98745 | Slime:6  | Identified Nogal's Reference Book on Flamy Battle Magic
 98752 | Slime:6  | Identified Lasa's Handbook of Aid
 98777 | Slime:6  | Got a slimy rune of Zot
 98835 | Slime:6  | Identified Lee's Papyrus of Torrid Conjuration (You found it on level 6 of the Pits of Slime)
 99769 | Pan      | Entered Pandemonium
100289 | Pan      | Reached skill level 22 in Shields
100648 | Pan      | Found a gateway to a ziggurat.
100746 | Zig:1    | Entered Level 1 of a ziggurat
100778 | Zig:2    | Entered Level 2 of a ziggurat
100819 | Zig:3    | Entered Level 3 of a ziggurat
100860 | Zig:4    | Entered Level 4 of a ziggurat
100919 | Zig:5    | Entered Level 5 of a ziggurat
100943 | Zig:5    | Gained mutation: You are resistant to hostile enchantments. [a shining eye]
101070 | Zig:6    | Entered Level 6 of a ziggurat
101182 | Zig:7    | Entered Level 7 of a ziggurat
101191 | Zig:7    | Noticed Qeinelav the pandemonium lord
101191 | Zig:7    | Noticed Maar Lau the pandemonium lord
101207 | Zig:7    | Killed Maar Lau the pandemonium lord
101221 | Zig:7    | Killed Qeinelav the pandemonium lord
101280 | Zig:7    | Identified the Grimoire of Bewitchment
101319 | Zig:7    | Got a brightly glowing glass ring
101320 | Zig:7    | Identified the cursed ring of Jiopseo {+Fly MR+ Str-2 Int+9} (You found it on level 7 of a ziggurat)
101585 | Zig:8    | Entered Level 8 of a ziggurat
101728 | Zig:8    | Got an ichor-stained great sword
101729 | Zig:8    | Identified the +7 great sword "Ujut" {slice, Int+2} (You found it on level 8 of a ziggurat)
101756 | Zig:9    | Entered Level 9 of a ziggurat
101760 | Zig:9    | Noticed Tet Eraq the pandemonium lord
102837 | Pan      | Reached skill level 23 in Air Magic
102998 | Pan      | Noticed Toemo the pandemonium lord
103010 | Pan      | Killed Toemo the pandemonium lord
103168 | Pan      | Got a demonic rune of Zot
103171 | Pan      | Noticed Benem the pandemonium lord
103681 | Pan      | Found an exit through the horrors of the Abyss.
104735 | Depths:3 | Escaped Pandemonium
104980 | Lair:1   | Bought a +2 pair of gloves of dexterity for 258 gold pieces
105623 | Depths:4 | Voluntarily entered the Abyss.
105863 | Abyss:1  | Found a shimmering altar of Xom.
105863 | Abyss:1  | Found a shimmering altar of Xom.
105863 | Abyss:1  | Found a shimmering altar of Xom.
105863 | Abyss:1  | Found a shimmering altar of Xom.
105864 | Abyss:1  | Found a shimmering altar of Xom.
105864 | Abyss:1  | Found a shimmering altar of Xom.
105865 | Abyss:1  | Found a shimmering altar of Xom.
105865 | Abyss:1  | Found a corrupted altar of Lugonu.
105866 | Abyss:1  | Found a shimmering altar of Xom.
105866 | Abyss:1  | Found a shimmering altar of Xom.
105866 | Abyss:1  | Found a shimmering altar of Xom.
105866 | Abyss:1  | Found a shimmering altar of Xom.
105867 | Abyss:1  | Found a shimmering altar of Xom.
105867 | Abyss:1  | Found a shimmering altar of Xom.
105867 | Abyss:1  | Found a shimmering altar of Xom.
105867 | Abyss:1  | Found a shimmering altar of Xom.
105867 | Abyss:1  | Found a shimmering altar of Xom.
105868 | Abyss:1  | Found a shimmering altar of Xom.
105951 | Depths:4 | Escaped the Abyss
106074 | Pan      | Entered Pandemonium
106176 | Pan      | Noticed Valel the pandemonium lord
106196 | Pan      | Killed Valel the pandemonium lord
106279 | Pan      | Found an exit through the horrors of the Abyss.
107295 | Pan      | Reached skill level 24 in Air Magic
107527 | Pan      | Noticed Sigiec the pandemonium lord
107533 | Pan      | Killed Sigiec the pandemonium lord
107673 | Pan      | Found an exit through the horrors of the Abyss.
108391 | Pan      | Found a gateway to a ziggurat.
108403 | Zig:1    | Entered Level 1 of a ziggurat
108449 | Zig:2    | Entered Level 2 of a ziggurat
108487 | Zig:3    | Entered Level 3 of a ziggurat
108591 | Zig:4    | Entered Level 4 of a ziggurat
108750 | Zig:4    | Identified the Disquisition on Scorching Conjuration (You found it on level 4 of a ziggurat)
108756 | Zig:5    | Entered Level 5 of a ziggurat
108844 | Zig:6    | Entered Level 6 of a ziggurat
108995 | Zig:7    | Entered Level 7 of a ziggurat
109010 | Zig:7    | Noticed an ancient lich
109031 | Zig:7    | Killed an ancient lich
109237 | Zig:8    | Entered Level 8 of a ziggurat
109386 | Zig:8    | Identified a +7 rod of the swarm (10/10) (You found it on level 8 of a ziggurat)
109397 | Zig:8    | Learned a level 6 spell: Freezing Cloud
109438 | Pan      | Found an exit through the horrors of the Abyss.
109628 | Pan      | Noticed Ecae the pandemonium lord
109650 | Pan      | Killed Ecae the pandemonium lord
109715 | Pan      | Gained mutation: [You heal slowly when monsters are visible.] [a neqoxec]
110253 | Pan      | Gained mutation: You sometimes yell uncontrollably at your foes. [a neqoxec]
110275 | Pan      | Reached skill level 25 in Air Magic
110498 | Pan      | Gained mutation: You are frail (-10% HP). [a cacodemon]
110501 | Pan      | Gained mutation: You are dopey. (Int -2) [a cacodemon]
110603 | Pan      | Found an exit through the horrors of the Abyss.
111008 | Pan      | Noticed Ochapn the pandemonium lord
111320 | Pan      | Killed Ochapn the pandemonium lord
112271 | Pan      | Lost mutation: You are frail (-10% HP). [potion of cure mutation]
112271 | Pan      | Lost mutation: [You heal slowly when monsters are visible.] [potion of cure mutation]
112271 | Pan      | Lost mutation: You sometimes yell uncontrollably at your foes. [potion of cure mutation]
113056 | Pan      | Noticed Rinixeti the pandemonium lord
113078 | Pan      | Killed Rinixeti the pandemonium lord
113082 | Pan      | Found an exit through the horrors of the Abyss.
113662 | Pan      | Noticed Luocs the pandemonium lord
113682 | Pan      | Killed Luocs the pandemonium lord
113743 | Pan      | Found an exit through the horrors of the Abyss.
113908 | Pan      | Got a warped platinum ring
113909 | Pan      | Identified the ring "Vytiurof" {rC+ Str+3} (You found it in Pandemonium)
113950 | Pan      | HP: 6/239 [very large slime creature[a torturous corrupter] (18)]
113951 | Pan      | Mangled by an acid blob

Action                   |  1- 3 |  4- 6 |  7- 9 | 10-12 | 13-15 | 16-18 | 19-21 | 22-24 | 25-27 || total
-------------------------+-------+-------+-------+-------+-------+-------+-------+-------+-------++-------
Melee: Dagger            |   168 |     6 |   253 |    95 |   157 |       |       |       |       ||   679
       Short sword       |       |   176 |   156 |  1110 |  1069 |  2581 |  1567 |       |       ||  6659
       Scimitar          |       |       |       |       |       |   151 |       |       |       ||   151
       Long sword        |       |       |       |       |       |   108 |   140 |       |       ||   248
       Rapier            |       |       |       |       |       |       |   891 |   465 |       ||  1356
       Double sword      |       |       |       |       |       |       |       |  1818 |  5786 ||  7604
       Knife             |       |       |       |       |       |       |       |    12 |    32 ||    44
       Eudemon blade     |       |       |       |       |       |       |       |       |  1863 ||  1863
 Fire: Blowgun           |       |       |    18 |    58 |    22 |    27 |       |       |       ||   125
Throw: Throwing net      |       |       |       |     1 |     4 |     2 |     2 |       |       ||     9
       Javelin           |       |       |       |       |     8 |       |     2 |       |       ||    10
 Cast: Apportation       |       |       |       |       |       |       |     1 |       |     3 ||     4
       Repel Missiles    |       |       |       |       |       |       |       |     1 |       ||     1
       Deflect Missiles  |       |       |       |       |       |       |       |       |    10 ||    10
       Regeneration      |       |       |       |       |       |       |       |       |    28 ||    28
       Haste             |       |       |       |       |       |       |       |       |    17 ||    17
       Summon Butterflie |       |       |       |       |       |       |       |       |     2 ||     2
       Blink             |       |       |       |       |       |       |       |       |     1 ||     1
       Ozocubu's Armour  |       |       |       |       |       |       |       |       |     1 ||     1
       Phase Shift       |       |       |       |       |       |       |       |       |     1 ||     1
Invok: Call Merchant     |       |       |       |     3 |     2 |     3 |     4 |     2 |     5 ||    19
       Potion Petition   |       |       |       |     2 |     1 |     1 |     2 |       |     1 ||     7
 Abil: Breathe Lightning |       |       |     8 |     2 |       |       |       |       |     1 ||    11
       Evoke Flight      |       |       |       |       |     1 |     1 |       |       |       ||     2
       Fly               |       |       |       |       |       |     1 |       |       |     1 ||     2
       Evoke Invisibilit |       |       |       |       |       |    19 |    13 |     1 |       ||    33
       Stop Flying       |       |       |       |       |       |       |       |     1 |       ||     1
Evoke: Deck              |       |       |       |    13 |       |       |       |       |       ||    13
       Wand              |       |       |       |       |     2 |     6 |     2 |    24 |    13 ||    47
       Sack of spiders   |       |       |       |       |       |       |       |     2 |       ||     2
       Disc of storms    |       |       |       |       |       |       |       |       |     7 ||     7
       Rod               |       |       |       |       |       |       |       |       |     6 ||     6
       Lamp of fire      |       |       |       |       |       |       |       |       |     1 ||     1
       Phial of floods   |       |       |       |       |       |       |       |       |     1 ||     1
  Use: Potion            |       |     2 |       |    10 |     2 |    11 |     1 |     1 |    11 ||    38
       Scroll            |       |       |       |    24 |    11 |    20 |     9 |    28 |    48 ||   140
 Stab: Sleeping          |     5 |     3 |    16 |    49 |    35 |    42 |    41 |    11 |    19 ||   221
       Distracted        |       |       |     2 |     6 |    20 |    30 |    41 |    46 |   132 ||   277
       Held in net/web   |       |       |       |     2 |     1 |     2 |     1 |       |       ||     6
       Fleeing           |       |       |       |       |     2 |       |       |       |       ||     2
       Invisible         |       |       |       |       |       |    89 |    74 |     9 |       ||   172
       Paralysed         |       |       |       |       |       |     2 |       |       |       ||     2
       Confused          |       |       |       |       |       |       |       |     1 |       ||     1
       Petrified         |       |       |       |       |       |       |       |     1 |       ||     1
       Petrifying        |       |       |       |       |       |       |       |       |     1 ||     1
  Eat: Chunk             |     2 |     6 |    10 |       |       |       |       |       |       ||    18
       Beef jerky        |     1 |       |       |     2 |     2 |     4 |     1 |     3 |     5 ||    18
       Meat ration       |       |       |     2 |     5 |     7 |     9 |     8 |     5 |    20 ||    56
       Royal jelly       |       |       |       |     3 |       |     9 |     1 |       |       ||    13
       Pizza             |       |       |       |       |       |     3 |     1 |     2 |     6 ||    12
       Bread ration      |       |       |       |       |       |     5 |     7 |     7 |    17 ||    36
       Fruit             |       |       |       |       |       |       |       |       |     3 ||     3
